 Dungeon Crawl Stone Soup version 0.18.1-5-g4a78601 (webtiles) character file.

219 namelastname112 the Sneak (level 5, -2/41 HPs)
             Began as a Draconian Enchanter on May 11, 2016.
             Slain by SKei0's ghost (16 damage)
             ... on level 3 of the Dungeon.
             The game lasted 00:05:31 (3071 turns).

namelastname112 the Sneak (Draconian Enchanter)     Turns: 3071, Time: 00:05:32

Health: -2/41      AC:  6    Str: 10    XL:     5   Next: 63%
Magic:  3/8        EV: 13    Int: 16    God:
Gold:   107        SH:  0    Dex: 18    Spells: 3 memorised, 2 levels left

rFire  . . .     SeeInvis .     a - +1 dagger
rCold  . . .     Gourm    .     (armour unavailable)
rNeg   . . .     Faith    .     (no shield)
rPois  .         Spirit   .     (helmet restricted)
rElec  .         Dismiss  .     (no cloak)
rCorr  .         Reflect  .     r - +0 pair of gloves
SustAt .         Harm     .     (no boots)
MR     .....                    (no amulet)
Stlth  +++.......               i - +6 ring of dexterity
                                e - ring of wizardry

@: not resistant to hostile enchantments, fairly stealthy
A: unfitting armour, cold-blooded, AC +5
a: no special abilities


You were on level 3 of the Dungeon.
You were not hungry.

You visited 1 branch of the dungeon, and saw 4 of its levels.

You collected 107 gold pieces.

Inventory:

Hand Weapons
 a - a +1 dagger (weapon)
Armour
 r - a +0 pair of gloves (worn)
Jewellery
 e - a ring of wizardry (left hand)
 i - a +6 ring of dexterity (right hand)
 k - an uncursed ring of positive energy
Wands
 j - a wand of iceblast (7/15)
 t - a wand of flame (23/48)
Scrolls
 l - 3 scrolls of remove curse {unknown}
 o - a scroll of identify {unknown}
 q - a scroll of enchant weapon {unknown}
 s - a scroll of fear {unknown}
Potions
 d - 3 potions of heal wounds {unknown}
 g - a potion of ambrosia {unknown}
 h - a potion of berserk rage {unknown}
 m - a potion of curing {unknown}
 n - a potion of resistance {unknown}
 u - a potion of agility {unknown}
Books
 b - a book of Maledictions

   Spells                             Type                      Level
   a - Corona                         Hexes                        1
   b - Ensorcelled Hibernation        Hexes/Ice                    2
   c - Confuse                        Hexes                        3
   d - Tukima's Dance                 Hexes                        3
   e - Dazzling Spray                 Conjuration/Hexes            3
 v - a book of Party Tricks

   Spells                             Type                      Level
   a - Summon Butterflies             Summoning                    1
   b - Apportation                    Translocation                1
   c - Tukima's Dance                 Hexes                        3
   d - Alistair's Intoxication        Transmutation/Poison         5
   e - Invisibility                   Hexes                        6
Comestibles
 c - 3 bread rations
 f - 2 fruits
 p - a meat ration


   Skills:
 + Level 1.8 Fighting
 * Level 2.4 Short Blades
 + Level 2.5 Dodging
 * Level 3.9 Stealth
 + Level 2.4 Spellcasting
 * Level 3.6 Hexes


You had 2 spell levels left.
You knew the following spells:

 Your Spells              Type           Power        Failure   Level  Hunger
a - Corona                Hex            ##.....      2%          1    #......
x - Confuse               Hex            ##......     6%          3    ###....
z - Ensorcelled Hibernat  Hex/Ice        #.....       7%          2    ###....


Dungeon Overview and Level Annotations

Branches:
Dungeon (4/15)
 Temple: D:4-7

Altars:
Makhleb
Nemelex Xobeh

Annotations:
D:3 SKei0's ghost, amateur MiFi


Innate Abilities, Weirdness & Mutations

Your plain brown scales are hard (AC +5).
Your body does not fit into most forms of armour.
You are cold-blooded and may be slowed by cold attacks.


Message History

The orc wizard hits you but does no damage.
You now have 0/8 mp.
The orc wizard barely misses something.
The gnoll throws a throwing net.
The throwing net misses you.
You see here a throwing net.
You see here 20 stones.
You hear some strange, mumbled words.
A puff of flame appears from out of thin air!
The puff of flame hits you!
You take 10 damage, and have 15/41 hp.
MASSIVE DAMAGE!!
A puff of flame appears from out of thin air!
The puff of flame hits you!
You take 1 damage, and have 14/41 hp.
There is a stone staircase leading up here.
An orc wizard appears from thin air!
Reactivating autopickup.
You climb upwards.
Level annotation: SKei0's ghost, amateur MiFi SKei0's ghost hits you!
You die...

#.# #.#.# #..#..##.#....#.#
##.###.#####........#.##.#.#
.......#...#..#..#..#<...#.#
##.....#..##..#..#.)#.####.#
###......##.....#..#.####W#
#.#.#.###.#...#)...#...[#
####.#.#.# #.#.....####.####
.(.#.#...# #.#...W...##.#
##.#..#### #....@..#.##.#
##.#.....# #####.###.##.#
...(..##.# #.......##W#
...##.##.# ###.###.####.#
.####.##.###...# #.####.#
....#.##...###รท# #......#
..#.#.####.# #.# ########
..#(#.# #.###.# ..#.#.#
#.....#


You could see SKei0's ghost.

Vanquished Creatures
  2 scorpions (D:4)
  Robin (D:2)
  A gnoll (D:4)
  2 adders
  2 oozes (D:2)
  An adder skeleton (D:4)
  A dart slug (D:2)
  3 giant geckos
  5 orcs (D:4)
  7 bats
  11 goblins
  5 hobgoblins
  2 jackals (D:3)
  A quokka (D:4)
  A giant gecko skeleton (D:4)
  4 giant newts
  8 kobolds
  2 rats
59 creatures vanquished.

Notes
Turn   | Place    | Note
--------------------------------------------------------------
     0 | D:1      | namelastname112 the Draconian Enchanter began the quest for the Orb.
     0 | D:1      | Reached XP level 1. HP: 14/14 MP: 3/3
   370 | D:1      | Reached XP level 2. HP: 20/20 MP: 5/5
   374 | D:1      | Learned a level 2 spell: Ensorcelled Hibernation
   800 | D:2      | Noticed Robin
   807 | D:2      | Reached XP level 3. HP: 24/27 MP: 6/6
   818 | D:2      | Killed Robin
  1079 | D:2      | Found a sparkling altar of Nemelex Xobeh.
  1086 | D:2      | Found a burning altar of Makhleb.
  1414 | D:2      | Reached skill level 1 in Fighting
  1414 | D:2      | Reached XP level 4. HP: 33/35 MP: 7/7
  1618 | D:3      | Noticed SKei0's ghost (amateur MiFi)
  1629 | D:3      | Learned a level 3 spell: Confuse
  2747 | D:4      | Reached XP level 5. HP: 41/41 MP: 5/8
  2799 | D:4      | namelastname112: HEHE
  3071 | D:3      | Slain by SKei0's ghost

Skill      XL: |  1  2  3  4 |
---------------+-------------+-----
Dodging        | 2 |  2.5
Stealth        | 3 |  3.9
Hexes          | 3 |  3.6
Fighting       | 1 |  1.8
Short Blades   | 2 |  2.4
Spellcasting   | |  2.4

Action                   |  1- 3 |  4- 6 || total
-------------------------+-------+-------++-------
Melee: Dagger            |   104 |   102 ||   206
       Tailslap          |    10 |    18 ||    28
 Cast: Ensorcelled Hiber |     7 |    15 ||    22
       Confuse           |       |     9 ||     9
 Stab: Sleeping          |    12 |    13 ||    25
       Confused          |       |     2 ||     2
       Distracted        |       |     1 ||     1
  Eat: Chunk             |     2 |     7 ||     9
Armor: Skin              |    19 |    27 ||    46
Dodge: Dodged            |    60 |    50 ||   110
